 Dungeon Crawl Stone Soup version 0.23-a0-577-g2b1de944cd (webtiles) character file.

9660 Manul the Covert (level 11, 0/74 HPs)
             Began as a Demonspawn Assassin on Dec 14, 2018.
             Was an Initiate of Gozag.
             Slain by a two-headed ogre
             ... wielding a +0 giant spiked club
              (4 damage)
             ... on level 1 of the Orcish Mines.
             The game lasted 00:21:23 (14340 turns).

Manul the Covert (Demonspawn Assassin)             Turns: 14340, Time: 00:21:23

Health: 0/74       AC: 23    Str: 11    XL:     11   Next: 26%
Magic:  0/11       EV:  7    Int: 13    God:    Gozag
Gold:   1330       SH:  0    Dex: 18    Spells: 10/10 levels left

rFire    . . .     SeeInvis +   k - +2 dagger (venom)
rCold    + . .     Gourm    .   (no shield)
rNeg     . . .     Faith    .   L - +0 chain mail (curse)
rPois    .         Spirit   +   u - +0 hat {MR+}
rElec    .         Reflect  .   d - +0 cloak
rCorr    .         Harm     .   (no gloves)
MR       +....                  (no boots)
Stlth    ++........             M - amulet of regeneration
HPRegen  0.62/turn              o - +2 ring of slaying
MPRegen  0.12/turn              v - ring of see invisible

@: sanguine armour
A: claws 1, cold resistance 1, frail 1, magic shield, MP-powered wands, sanguine
armour 3
a: Potion Petition, Call Merchant, Bribe Branch, Renounce Religion


You were on level 1 of the Orcish Mines.
You worshipped Gozag.
Gozag was most pleased with you.
You were not hungry.

You visited 3 branches of the dungeon, and saw 13 of its levels.

You collected 1928 gold pieces.
You paid 598 gold pieces to Gozag.

Inventory:

Hand Weapons
 a - a +2 dagger
 b - a +0 blowgun
 k - a +2 dagger of venom (weapon)
 G - a cursed +4 great sword
Missiles
 e - 76 poisoned needles
 f - 2 curare-tipped needles
 r - 2 throwing nets (quivered)
Armour
 c - a +0 robe
 d - a +0 cloak (worn)
 u - a +0 hat of magic resistance (worn)
 E - a +0 leather armour
 L - a cursed +0 chain mail (worn)
Jewellery
 o - a +2 ring of slaying (left claw)
 v - a ring of see invisible (right claw)
 J - a +2 ring of evasion
 M - an amulet of regeneration (around neck)
Wands
 s - a wand of digging (2)
 x - a wand of iceblast (5)
 H - a wand of flame (57)
 I - a wand of polymorph (12)
Scrolls
 l - 2 scrolls of enchant weapon
 m - 3 scrolls of magic mapping
 p - 7 scrolls of remove curse
 w - 7 scrolls of identify
 z - 2 scrolls of enchant armour
 A - a scroll of amnesia
Potions
 h - 2 potions of magic
 i - 3 potions of lignification
 j - 4 potions of curing
 n - a potion of ambrosia
 q - a potion of brilliance
 F - a potion of heal wounds
Comestibles
 g - 30 rations


   Skills:
 + Level 6.6 Fighting
 + Level 8.6 Short Blades
 - Level 1.7 Throwing
 + Level 5.2 Armour
 + Level 5.2 Dodging
 * Level 11.5 Stealth
 + Level 1.0 Evocations


You had 10 spell levels left.
You didn't know any spells.
Your spell library contained the following spells:

 Spells                   Type           Power        Failure   Level  Hunger
 Beastly Appendage        Tmut           #.....       100%        1    ##.....
 Confusing Touch          Hex            #.....       100%        1    ##.....
 Sticks to Snakes         Tmut           #.......     100%        2    ###....
 Confuse                  Hex            #.......     100%        3    ####...
 Gell's Gravitas          Tloc           #.........   100%        3    ####...
 Spider Form              Tmut/Pois      #.........   100%        3    ####...
 Ice Form                 Ice/Tmut       #.......     100%        4    #####..
 Petrify                  Tmut/Erth      #.......     100%        4    #####..
 Blade Hands              Tmut           #.........   100%        5    ######.
 Metabolic Englaciation   Hex/Ice        #.........   100%        5    ######.
 Yara's Violent Unravell  Hex/Tmut       #.........   100%        5    ######.


Dungeon Overview and Level Annotations

Branches:
Dungeon (10/15)            Temple (1/1) D:5            Lair (0/6) D:10
    Orc (2/2) D:9
    Elf: Orc:2

Altars:
Ashenzari
Elyvilon
Gozag
Hepliaklqana
Nemelex Xobeh
Okawaru
Qazlal
Ru
Wu Jian
Xom
Yredelemnul
Zin
The Shining One

Shops:
D:5 }   D:9 [

Portals:
Trove: D:10 (show abyssal rune of Zot)

Annotations:
D:10 1 runed door


Innate Abilities, Weirdness & Mutations

You have sharp fingernails.
Your flesh is cold resistant. (rC+)
When hurt, damage is shared between your health and your magic reserves.
When seriously injured, your bleeding wounds create very thick armour. (AC +12)
You are frail. (-10% HP)
You expend magic power (3 MP) to strengthen your wands.


Message History

The two-headed ogre is severely wounded.
You barely miss the two-headed ogre.
The two-headed ogre is severely wounded.
You hit the two-headed ogre.
The two-headed ogre looks as sick as possible!
The two-headed ogre is severely wounded.
The two-headed ogre hits you with a +0 giant spiked club!
* * * LOW HITPOINT WARNING * * *
The two-headed ogre hits you with a +0 giant spiked club.
* * * LOW HITPOINT WARNING * * *
You hit the two-headed ogre.
The two-headed ogre looks as sick as possible!
The two-headed ogre is almost dead.
You hit the two-headed ogre.
The two-headed ogre is almost dead.
The two-headed ogre hits you with a +0 giant spiked club.
* * * LOW HITPOINT WARNING * * *
The two-headed ogre hits you with a +0 giant spiked club.
You die...
Your body crumbles into a pile of gold.

###### #....# ###....#
### #......####.##
###.......#....######
#..........##.##.##.##
##......##...##.......#
###......##[O....##.##.##
##....^...##@[....[[.####
##.........####....)<##
#.........####.....###
##.##......##......#
######....#.....###
#......[...##
##.........#
###.##....### $
##....#...##


You could see a two-headed ogre.

Vanquished Creatures
  A two-headed ogre (D:8)
  A manticore (D:7)
  Psyche (D:10)
  2 trolls
  A queen bee (D:10)
  A hippogriff (D:9)
  A wyvern (D:9)
  A yak (D:7)
  Sigmund (D:3)
  3 hogs (D:7)
  A human (D:7)
  A steam dragon (D:10)
  A hungry ghost (D:10)
  Duvessa (D:4)
  A sky beast (D:6)
  5 orc warriors
  3 necrophages
  3 ice beasts
  A black bear (D:7)
  3 ogres
  2 phantoms
  3 wolves (D:10)
  A centaur (D:7)
  2 crocodiles
  3 bullfrogs
  Dowan (D:4)
  3 scorpions
  A wyvern skeleton (D:10)
  3 wights (D:7)
  35 killer bees
  2 howler monkeys (D:8)
  7 crimson imps
  2 bullfrog zombies
  A bullfrog skeleton (D:5)
  4 orc priests
  2 jellies
  5 hounds
  3 centaur skeletons
  2 iguanas (D:7)
  Ijyb (D:4)
  Natasha (twice) (D:2)
  6 orc wizards
  8 worker ants
  A hound skeleton (D:8)
  A worker ant zombie (D:9)
  14 gnolls
  10 adders
  2 howler monkey skeletons (D:7)
  3 shadow imps
  3 oozes
  An adder zombie (D:2)
  3 adder skeletons
  6 worms
  2 dart slugs
  8 leopard geckos
  36 orcs
  5 giant cockroaches
  7 goblins
  13 hobgoblins
  7 jackals
  7 kobolds
  A quokka (D:7)
  A ball python (D:2)
  13 bats
  7 frilled lizards
  A jackal skeleton (D:4)
  A kobold zombie (D:10)
  A leopard gecko zombie (D:5)
  A quokka skeleton (D:5)
  8 rats
295 creatures vanquished.

Vanquished Creatures (others)
  6 orcs
6 creatures vanquished.

Grand Total: 301 creatures vanquished

Notes
Turn   | Place    | Note
-------+----------+-------------------------------------------
     0 | D:1      | Manul the Demonspawn Assassin began the quest for the Orb.
     0 | D:1      | Reached XP level 1. HP: 16/16 MP: 1/1
    69 | D:1      | Reached skill level 4 in Stealth
    76 | D:1      | Gained mutation: You have sharp fingernails. [demonic
                  | ancestry]
    76 | D:1      | Reached XP level 2. HP: 18/22 MP: 2/2
   213 | D:1      | Reached skill level 1 in Dodging
   623 | D:1      | Reached XP level 3. HP: 24/27 MP: 3/3
  1433 | D:2      | Noticed Natasha
  1437 | D:2      | Killed Natasha
  1437 | D:2      | Gained mutation: When seriously injured, your bleeding
                  | wounds create armour. (AC +12) [demonic ancestry]
  1437 | D:2      | Reached XP level 4. HP: 31/33 MP: 4/4
  1573 | D:2      | Reached skill level 5 in Stealth
  1864 | D:2      | Noticed Natasha
  1934 | D:2      | Killed Natasha
  2141 | D:2      | Gained mutation: When seriously injured, your bleeding
                  | wounds create thick armour. (AC +12) [demonic ancestry]
  2141 | D:2      | Reached XP level 5. HP: 23/39 MP: 5/5
  3210 | D:3      | Found a faded altar of an unknown god.
  3443 | D:3      | Noticed Sigmund
  3462 | D:3      | Killed Sigmund
  3462 | D:3      | Reached skill level 6 in Stealth
  3462 | D:3      | Gained mutation: Your flesh is cold resistant. (rC+)
                  | [demonic ancestry]
  3462 | D:3      | Reached XP level 6. HP: 30/46 MP: 6/6
  4015 | D:4      | Noticed Ijyb
  4022 | D:4      | Killed Ijyb
  4022 | D:4      | Reached XP level 7. HP: 52/52 MP: 7/7
  4123 | D:4      | Found a shattered altar of Ashenzari.
  4124 | D:4      | Noticed Dowan
  4126 | D:4      | Noticed Duvessa
  4153 | D:4      | Killed Duvessa
  4425 | D:4      | Killed Dowan
  4425 | D:4      | Reached skill level 7 in Stealth
  4736 | D:5      | Entered Level 5 of the Dungeon
  4948 | D:5      | Found Ippab's Gadget Shoppe.
  5178 | D:5      | Found a staircase to the Ecumenical Temple.
  5256 | Temple   | Entered the Ecumenical Temple
  5263 | Temple   | Became a worshipper of Gozag Ym Sagoz the Greedy
  5292 | D:5      | Reached skill level 5 in Short Blades
  5312 | D:5      | Gained mutation: When seriously injured, your bleeding
                  | wounds create very thick armour. (AC +12) [demonic
                  | ancestry]
  5312 | D:5      | Reached XP level 8. HP: 51/59 MP: 8/8
  5643 | D:5      | Found a sparkling altar of Nemelex Xobeh.
  6562 | D:6      | Reached skill level 8 in Stealth
  6997 | D:7      | Gained mutation: When hurt, damage is shared between your
                  | health and your magic reserves. [demonic ancestry]
  6997 | D:7      | Reached XP level 9. HP: 24/66 MP: 9/9
  7098 | D:7      | Noticed a manticore
  7111 | D:7      | Killed a manticore
  7111 | D:7      | Reached skill level 9 in Stealth
  7764 | D:8      | Reached skill level 5 in Fighting
  8535 | D:7      | Reached skill level 10 in Stealth
  8607 | D:7      | Reached skill level 1 in Armour
  8633 | D:7      | Reached XP level 10. HP: 30/74 MP: 7/10
  9376 | D:8      | Noticed a two-headed ogre
  9420 | D:8      | Killed a two-headed ogre
 10717 | D:9      | Identified a scroll of acquirement
 10743 | D:9      | Reached skill level 11 in Stealth
 10860 | D:9      | Found a staircase to the Orcish Mines.
 11008 | Orc:1    | Entered Level 1 of the Orcish Mines
 11177 | D:10     | Entered Level 10 of the Dungeon
 11506 | D:10     | Reached skill level 5 in Dodging
 11767 | D:10     | Noticed Psyche
 12242 | D:10     | Found a staircase to the Lair.
 12292 | D:10     | Killed Psyche
 12292 | D:10     | Reached skill level 1 in Evocations
 12598 | D:10     | Gained mutation: You are frail. (-10% HP) [potion of
                  | mutation]
 12598 | D:10     | Gained mutation: You expend magic power (3 MP) to
                  | strengthen your wands. [potion of mutation]
 12740 | D:10     | Reached XP level 11. HP: 43/72 MP: 8/11
 13245 | D:10     | Found a runed door.
 13249 | D:10     | Found a basalt altar of Yredelemnul.
 13262 | D:10     | Found a portal to a secret trove of treasure.
 13732 | D:10     | Reached skill level 5 in Armour
 14130 | Orc:2    | Entered Level 2 of the Orcish Mines
 14313 | Orc:2    | Noticed a two-headed ogre
 14316 | Orc:2    | Noticed a two-headed ogre
 14340 | Orc:1    | Slain by a two-headed ogre

Vault maps used:
D:1:      minmay_arrival_doors
D:2:      serial_forest, infiniplex_forest_clump_double,
          infiniplex_forest_straight_1, infiniplex_forest_clump_C,
          infiniplex_forest_clump_cross, infiniplex_forest_clump_small,
          infiniplex_forest_straight_4, infiniplex_forest_lined_corner,
          uniq_natasha
D:3:      first_ration, chequers_ecumenical_altar_grove, uniq_sigmund
D:4:      ashenzari_conservatory_becter, minmay_unequal, uniq_duvessa, uniq_ijyb
D:5:      minmay_temple_entry_mist, serial_shops, shop,
          minmay_misc_feat_enclosed, grunt_ministairs_1,
          nemelex_dance_club_becter
D:6:      serial_park, serial_park_square3, serial_park_square2,
          serial_park_tiny_pond
D:7:      minmay_cornered_nines, grunt_livestock, st_stairs_3,
          minmay_diced_spiral
D:9:      orc_0_dummy
D:10:     erik_lair_island, nicolae_trove_entry_free_sample,
          dk_yredelemnul_ordeal, uniq_psyche
Temple:   compressed_dpeg_triangle_lava_temple
Orc:1:    uniq_urug
Orc:2:    pubby_orc_utopia

Skill      XL: |  1  2  3  4  5  6  7  8  9 10 11 |
---------------+----------------------------------+-----
Stealth        | 4 5 6 7 8 10 11 | 11.5
Dodging        | 1 2 3 4 5 |  5.2
Short Blades   | 2 3 5 6 7 8 |  8.6
Fighting       | 3 4 5 6 |  6.6
Armour         | 1 4 5 |  5.2
Evocations     | 1 |  1.0
Throwing       | |  1.7

Action                   |  1- 3 |  4- 6 |  7- 9 | 10-12 || total
-------------------------+-------+-------+-------+-------++-------
Melee: Dagger            |   123 |   184 |   513 |   679 ||  1499
       Unarmed           |       |     2 |       |       ||     2
Invok: Potion Petition   |       |       |     1 |       ||     1
       Call Merchant     |       |       |       |     1 ||     1
Evoke: Wand              |       |       |     3 |    10 ||    13
  Use: Potion            |       |     3 |     3 |     8 ||    14
       Scroll            |       |     1 |     8 |    11 ||    20
 Stab: Sleeping          |     7 |    12 |    27 |     7 ||    53
       Distracted        |       |       |     3 |     2 ||     5
       Invisible         |       |       |     1 |       ||     1
       Paralysed         |       |       |       |     2 ||     2
  Eat: Chunk             |     2 |     8 |       |       ||    10
       Ration            |       |       |     4 |     8 ||    12
Armor: Robe              |    24 |    30 |    69 |       ||   123
       Skin              |       |     4 |       |       ||     4
       Leather armour    |       |       |    21 |    17 ||    38
       Chain mail        |       |       |       |   310 ||   310
Dodge: Dodged            |    76 |    92 |   201 |   286 ||   655

Table legend:
 A = Non-vault XP
 B = Vault XP
 C = Vault XP percentage of total XP
 D = Non-vault monster count
 E = Vault monster count
 F = Vault count percentage of total count
                 A         B        C        D         E       F
            +---------+---------+-------+---------+---------+-------
      Total |    8601 |    5200 |  37.7 |     229 |      66 |  22.4
            +---------+---------+-------+---------+---------+-------
        D:1 |      64 |       0 |   0.0 |      34 |       0 |   0.0
        D:2 |     132 |      36 |  21.4 |      22 |       1 |   4.3
        D:3 |     155 |     205 |  56.9 |      19 |       1 |   5.0
        D:4 |     177 |     322 |  64.5 |      10 |       5 |  33.3
        D:5 |     743 |     134 |  15.3 |      35 |       3 |   7.9
        D:6 |     456 |       2 |   0.4 |      14 |       1 |   6.7
        D:7 |    1710 |    1237 |  42.0 |      25 |      13 |  34.2
        D:8 |    1644 |       0 |   0.0 |      20 |       0 |   0.0
        D:9 |    1539 |       0 |   0.0 |      19 |       0 |   0.0
       D:10 |    1797 |    2981 |  62.4 |      26 |      34 |  56.7
      Orc:1 |     184 |     280 |  60.3 |       5 |       7 |  58.3
      Orc:2 |       0 |       3 | 100.0 |       0 |       1 | 100.0
            +---------+---------+-------+---------+---------+-------
